Map: Echo LE

Players

JJAKJI

  • Race: Terran Terran
  • Spawn Location: 11:00

Dark - Winner!

  • Race: Zerg Zerg
  • Spawn Location: 5:00

Event: IEM Season 11 - Gyeonggi

VOD

Have the link to the VOD?

Description

Time

  • Played on: Dec. 14, 2016, 1:33 a.m.
  • Length: 13:09

All games in this series

Show
View Real Time Build Order
Export as new Build Order

JJAKJI Terran 

Build Orders: Reaper Expand, Bio Tank 

Get SALT Encoding   

  12  0:00  SCV  
  13  0:12  SCV  
  14  0:17  Supply Depot  
  14  0:24  SCV  
  15  0:38  SCV  
  15  0:39  Barracks  
  16  0:43  Refinery  
  16  0:50  SCV  
  17  1:02  SCV  
  18  1:15  SCV  
  19  1:26  Reaper  
  19  1:27  Orbital Command  
  20  1:37  Command Center  
  20  1:49  Barracks  
  20  1:52  SCV  
  21  1:59  Barracks Reactor  
  21  2:01  Supply Depot  
  21  2:04  SCV  
  22  2:10  Refinery  
  22  2:17  SCV  
  23  2:27  Factory  
  23  2:29  SCV  
  24  2:35  Marine x2  
  24  2:36  Barracks Tech Lab  
  26  2:41  SCV  
  27  2:50  Orbital Command  
  27  2:53  SCV  
  27  2:57  Marine, Stimpack  
  29  2:59  Marine  
  29  3:01  Marine  
  31  3:05  SCV  
  32  3:13  Starport  
  32  3:18  Factory Reactor  
  32  3:20  SCV  
  32  3:21  SCV  
  32  3:23  Marine  
  32  3:25  Marine  
  36  3:27  Marine  
  36  3:33  SCV, Supply Depot  
  37  3:35  SCV  
  37  3:41  Marine  
  38  3:43  Marine  
  38  3:45  Marine  
  38  3:47  SCV x2  
  43  3:57  Supply Depot  
  43  3:59  SCV x2, Medivac x2  
  43  4:01  Marine  
  50  4:03  Marine  
  50  4:05  Marine  
  52  4:11  SCV x2  
  52  4:14  Engineering Bay  
  54  4:17  Supply Depot  
  54  4:23  Marine x2, SCV  
  54  4:24  SCV  
  58  4:25  Marine  
  58  4:29  Medivac  
  61  4:36  SCV  
  61  4:37  Supply Depot  
  62  4:38  SCV  
  62  4:39  Terran Infantry Weapons Level 1  
  62  4:41  Marine x2  
  62  4:43  Marine  
  66  4:48  SCV  
  66  4:51  SCV  
  68  4:57  Combat Shields  
  68  4:59  Marine x2  
  70  5:00  Marine, SCV  
  70  5:03  SCV  
  73  5:11  Command Center  
  73  5:16  Marine, SCV x2, Supply Depot  
  73  5:19  Barracks  
  76  5:23  Barracks  
  76  5:27  Marine x2  
  76  5:28  SCV x2  
  78  5:36  Factory Tech Lab  
  78  5:37  Marine  
  76  5:44  Supply Depot  
  76  5:45  Refinery, Armory, Engineering Bay  
  76  5:46  Refinery  
  76  5:48  Marine  
  76  5:49  Marauder  
  75  5:51  SCV x2  
  75  5:55  Marine  
  77  6:00  Barracks  
  77  6:03  SCV x2  
  79  6:08  Barracks Reactor  
  79  6:11  Barracks Reactor, Marine  
  79  6:12  Marauder  
  79  6:13  Marine, Siege Tank  
  79  6:18  Medivac  
  88  6:22  SCV  
  88  6:24  SCV  
  90  6:31  Orbital Command  
  90  6:34  SCV, Terran Infantry Weapons Level 2  
  90  6:36  Marine x3, SCV  
  95  6:43  Missile Turret  
  95  6:44  Supply Depot  
  95  6:45  Terran Infantry Armor Level 1  
  95  6:50  SCV x2  
  95  6:53  Marine, Orbital Command, Siege Tank  
  101  6:57  Marine x2  
  101  6:58  Marine  
  101  6:59  Barracks Reactor  
  104  7:03  Marauder  
  104  7:05  Missile Turret  
  104  7:07  SCV  
  107  7:15  Supply Depot  
  107  7:16  Supply Depot  
  107  7:17  Medivac  
  107  7:22  SCV x3  
  112  7:24  Medivac  
  114  7:32  Refinery x2, Supply Depot  
  114  7:34  Siege Tank  
  117  7:37  SCV x3  
  117  7:40  Marauder  
  117  7:43  Marine x6  
  117  7:44  Marine  
  129  7:50  Medivac  
  131  7:51  Supply Depot  
  131  7:53  Supply Depot  
  131  7:54  Missile Turret  
  131  7:55  Supply Depot  
  131  7:56  Medivac  
  133  8:02  SCV x3  
  136  8:06  Marine x3, Marauder, Concussive Shells  
  136  8:08  Marine  
  141  8:12  Marine x4  
  141  8:15  Siege Tank  
  148  8:20  Medivac  
  148  8:23  Marine  
  148  8:24  Marine  
  148  8:26  Medivac  
  153  8:27  Missile Turret  
  153  8:28  Missile Turret  
  153  8:29  Marauder  
  153  8:30  Supply Depot x2  
  153  8:31  Marine  
  153  8:32  Marine x2  
  158  8:34  Marine x2  
  160  8:41  Missile Turret  
  160  8:44  Marine x3  
  156  8:49  Marine  
  156  8:51  Marauder  
  156  8:54  Siege Tank  
  161  9:03  Marine x4  
  161  9:07  Marine x2  
  161  9:08  Command Center  
  165  9:12  Marauder  
  158  9:21  Marine x6  
  154  9:26  Siege Tank  
  154  9:33  Marine, Marauder  
  154  9:34  Terran Infantry Weapons Level 3  
  154  9:35  Terran Infantry Armor Level 2  
  154  9:37  Marine  
  158  9:39  Marine x2  
  158  9:40  Marine  
  158  9:44  Supply Depot  
  161  9:46  Terran Vehicle Weapons Level 1  
  160  9:53  Marine x3  
  160  9:55  Marauder  
  160  9:56  Starport  
  160  9:58  Fusion Core, Liberator x2  
  165  10:00  Siege Tank  
  160  10:08  Marine x5  
  160  10:11  Marine x2  
  167  10:16  Marauder, Supply Depot  
  175  10:27  Marine x3  
  175  10:28  Marine x3  
  162  10:29  Marine x2  
  164  10:35  Starport Tech Lab  
  164  10:37  Marauder  
  166  10:43  Liberator x2  
  166  10:44  Liberator  
  166  10:45  Marine x5  
  170  10:52  Marine  
  158  10:57  Siege Tank  
  158  10:59  Marauder  
  158  11:01  Advanced Ballistics  
  158  11:04  SCV x2  
  160  11:09  Marine x2  
  160  11:10  Marine x4  
  159  11:20  Marauder  
  154  11:25  Liberator  
  154  11:26  Marine, Liberator  
  154  11:27  Marine x4, Liberator  
  154  11:28  Marine  
  154  11:30  Siege Tank  
  142  11:42  Marauder  
  142  11:44  Marine x2  
  142  11:46  Marine  
  94  12:03  Marauder  
  86  12:08  Liberator  
  86  12:11  SCV x2  
  86  12:12  SCV  
  89  12:23  SCV  
  93  12:31  SCV x2  
  101  12:44  Marine x6, Marauder  
  101  12:46  Missile Turret  
  101  12:48  SCV x2  
Show
View Real Time Build Order
Export as new Build Order

Dark Zerg - Winner!

Build Orders: Pool First 

Get SALT Encoding   

  12  0:00  Drone  
  13  0:12  Overlord  
  13  0:17  Drone  
  14  0:31  Drone x2  
  16  0:36  Drone  
  17  0:46  Drone, Extractor  
  17  0:50  Spawning Pool  
  17  0:56  Drone  
  17  1:07  Drone  
  18  1:17  Hatchery  
  17  1:21  Drone  
  18  1:28  Drone  
  19  1:36  Queen  
  19  1:38  Zergling x2  
  22  1:46  Metabolic Boost  
  22  1:51  Overlord  
  22  2:10  Drone  
  22  2:11  Drone, Queen  
  26  2:28  Drone  
  27  2:30  Queen  
  27  2:33  Drone, Zergling x2  
  31  2:41  Overlord  
  31  2:45  Drone x3  
  31  2:49  Pneumatized Carapace  
  31  2:51  Drone  
  35  2:56  Drone  
  36  3:04  Drone  
  37  3:12  Drone x2  
  39  3:23  Drone x2, Hatchery  
  39  3:26  Drone x3  
  42  3:36  Overlord  
  42  3:37  Overlord  
  42  3:38  Drone  
  43  3:45  Roach Warren  
  43  3:47  Drone  
  43  3:52  Drone  
  43  3:53  Drone, Extractor  
  43  3:54  Extractor  
  43  3:55  Drone  
  43  3:59  Drone x2  
  43  4:00  Lair  
  43  4:02  Extractor  
  44  4:08  Drone x2, Overlord  
  44  4:09  Drone  
  47  4:14  Drone  
  48  4:21  Overlord  
  48  4:26  Roach x4  
  56  4:36  Roach x2  
  56  4:38  Queen  
  62  4:40  Roach x2  
  62  4:42  Drone x2  
  68  4:48  Ravager  
  68  4:49  Ravager  
  70  4:55  Roach x2  
  74  5:01  Drone  
  74  5:05  Drone x3  
  74  5:06  Drone  
  79  5:08  Glial Reconstitution  
  79  5:11  Drone, Ravager  
  79  5:12  Overlord x2  
  81  5:23  Overlord  
  81  5:30  Roach x3  
  86  5:38  Roach x2  
  86  5:40  Drone x5  
  86  5:42  Drone x2  
  85  5:43  Drone  
  86  5:54  Drone x2, Overlord  
  86  5:55  Drone  
  85  6:01  Drone x2  
  85  6:02  Spore Crawler  
  87  6:04  Drone x2  
  87  6:07  Spore Crawler  
  87  6:10  Drone  
  88  6:14  Evolution Chamber  
  88  6:15  Drone x2  
  88  6:16  Evolution Chamber  
  88  6:20  Drone x2  
  88  6:22  Ravager  
  88  6:23  Ravager  
  92  6:29  Drone x3  
  96  6:32  Drone  
  96  6:33  Drone  
  96  6:37  Drone x2  
  99  6:40  Zerg Missile Weapons Level 1  
  99  6:42  Zerg Ground Armor Level 1  
  99  6:47  Extractor  
  99  6:48  Tunneling Claws, Burrow  
  99  6:50  Extractor  
  99  6:51  Drone  
  99  6:52  Drone  
  99  6:54  Drone  
  100  6:55  Drone  
  100  6:56  Drone  
  100  6:58  Drone x2  
  104  7:01  Drone x2  
  104  7:06  Drone x3  
  109  7:09  Drone  
  109  7:10  Drone  
  109  7:12  Drone  
  109  7:13  Drone x2  
  114  7:17  Overlord x2  
  114  7:32  Overlord x2  
  114  7:33  Overlord  
  114  7:36  Roach x2  
  114  7:37  Roach x4  
  122  7:38  Ravager  
  122  7:39  Roach x2  
  127  7:44  Roach  
  127  7:49  Overlord  
  129  7:51  Roach  
  131  7:58  Roach  
  131  7:59  Roach x4  
  131  8:03  Infestation Pit, Hatchery  
  131  8:04  Roach x2  
  143  8:14  Roach x3  
  143  8:15  Roach x2  
  153  8:20  Overlord  
  153  8:22  Roach  
  153  8:23  Roach  
  153  8:26  Roach x2  
  161  8:27  Overlord x2  
  161  8:32  Overlord  
  161  8:39  Roach x5  
  169  8:42  Zerg Missile Weapons Level 2  
  169  8:44  Zerg Ground Armor Level 2  
  158  8:58  Roach  
  158  8:59  Roach x2  
  156  9:03  Roach x3  
  156  9:04  Infestor x3  
  156  9:08  Drone  
  156  9:09  Drone x4  
  160  9:17  Roach x2  
  160  9:21  Overlord  
  160  9:22  Roach  
  166  9:24  Infestor, Roach x3  
  166  9:26  Roach x16  
  168  9:34  Ravager x2  
  168  9:35  Ravager  
  168  9:38  Drone x4, Roach x3  
  173  9:42  Hive  
  173  9:44  Overlord  
  173  9:46  Roach x2  
  173  9:47  Roach  
  173  9:51  Infestor  
  175  9:54  Hatchery  
  174  10:02  Drone  
  174  10:03  Roach x8  
  191  10:12  Drone x2  
  193  10:16  Roach x3  
  193  10:18  Spore Crawler  
  192  10:22  Roach  
  192  10:24  Roach x2  
  192  10:27  Roach x2  
  192  10:28  Roach x6  
  198  10:34  Ravager  
  197  10:48  Roach  
  196  10:52  Roach x28  
  196  10:56  Roach  
  196  10:57  Roach x9  
  200  11:15  Drone  
  200  11:16  Drone  
  191  11:23  Roach  
  191  11:26  Roach x3  
  187  11:40  Roach x2  
  187  11:41  Roach x2  
  187  11:42  Roach  
  181  11:53  Roach x2  
  177  12:00  Roach x10  
  159  12:05  Roach x2  
  159  12:07  Ravager  
  159  12:08  Ravager x10  
  172  12:14  Queen x3  
  172  12:15  Roach x3  
  184  12:21  Roach  
  184  12:22  Hatchery  
  185  12:24  Roach x2  
  185  12:28  Hatchery  
  188  12:32  Roach x4  
  188  12:33  Roach  
  190  12:38  Roach x2  

Tags
 
Add a new tag
Caveats
  • Supply blocks, unpowered buildings, or Contaminate may cause inaccurate times.
  • Supply counts are checked every 10 seconds.